 Dungeon Crawl Stone Soup version 0.26.1-11-gd32895ea62 (webtiles) character file.

Game seed: 3419503935613725882

516 Almogavar the Conjurer (level 7, -4/50 HPs)
             Began as a Red Draconian Conjurer on May 15, 2021.
             Slain by a hornet (12 damage)
             ... on level 5 of the Dungeon.
             The game lasted 00:13:48 (4649 turns).

Almogavar the Conjurer (Red Draconian Conjurer)     Turns: 4649, Time: 00:13:48

Health: -4/50      AC:  7    Str: 10    XL:     7   Next: 0%
Magic:  7/13       EV: 12    Int: 20    God:
Gold:   282        SH:  0    Dex:  9    Spells: 11/14 levels left

rFire    + . .     SeeInvis .   e - +2 mace (holy)
rCold    . . .     Faith    .   (no shield)
rNeg     . . .     Spirit   .   (armour unavailable)
rPois    .         Reflect  .   (helmet restricted)
rElec    .         Harm     .   (no cloak)
rCorr    +         Rampage  .   n - +0 pair of gloves
Will     .....                  (no boots)
Stlth    ++........             (no amulet)
HPRegen  0.16/turn              s - ring of resist corrosion
MPRegen  0.13/turn              (no ring)

@: slowed, very slow
A: breathe fire, unfitting armour, fire resistance 1, cold-blooded, AC +6
a: Breathe Fire


You were on level 5 of the Dungeon.
You visited 1 branch of the dungeon, and saw 5 of its levels.

You collected 282 gold pieces.

Inventory:

Hand Weapons
 e - a +2 mace of holy wrath (weapon)
Armour
 n - a +0 pair of gloves (worn)
Jewellery
 s - a ring of resist corrosion (left hand)
Wands
 t - a wand of acid (8)
Scrolls
 b - 2 scrolls of magic mapping
 c - 3 scrolls of teleportation
 f - a scroll of amnesia
 h - a scroll of enchant weapon
 i - a scroll of blinking
 m - 2 scrolls of fog {unknown}
 q - a scroll of enchant armour {unknown}
Potions
 d - 2 potions of flight
 j - a potion of heal wounds
 k - a potion of brilliance
 o - a potion of lignification {unknown}
 p - a potion of magic {unknown}


   Skills:
 + Level 2.1 Dodging
 + Level 3.7 Stealth
 + Level 4.3 Spellcasting
 + Level 6.2 Conjurations


You had 11 spell levels left.
You knew the following spells:

 Your Spells              Type           Power        Failure   Level
a - Magic Dart            Conj           100%         1%          1
b - Searing Ray           Conj           58%          1%          2

Your spell library contained the following spells:

 Spells                   Type           Power        Failure   Level
 Dazzling Flash           Conj/Hex       32%          11%         3
 Fulminant Prism          Conj/Hex       8%           34%         4
 Iskenderun's Mystic Bla  Conj/Tloc      16%          34%         4


Dungeon Overview and Level Annotations

Branches:
Dungeon (5/15)
 Temple: D:4-7

Altars:
Ru
Uskayaw
Wu Jian
Yredelemnul
Zin
The Shining One

Shops:
D:4 *

Annotations:
D:3 2 runed translucent doors, Exodus22XD's ghost, amateur HOMo


Innate Abilities, Weirdness & Mutations

You can breathe blasts of fire.
Your fiery red scales are hard. (AC +6)
You cannot fit into any form of body armour.
Your flesh is heat resistant. (rF+)
You are cold-blooded and may be slowed by cold attacks.


Message History

Press: ? - help, Shift-Dir - straight line, f/p - hornet
Aim: a hornet (lightly wounded, 31% to evade)
The searing ray misses the hornet. (Press . to maintain the ray.)
The searing ray hits the hornet!
The hornet is heavily wounded.
The searing ray hits the hornet!
The hornet is severely wounded.
The hornet stings you.
You feel yourself slow down. The hornet stings you!
You feel as though you will be slow longer.
The searing ray hits the hornet.
The hornet is severely wounded.
You finish channeling your searing ray.
The hornet misses you. The hornet stings you!
You feel as though you will be slow longer.
The hornet stings you!
* * * LOW HITPOINT WARNING * * *
You feel as though you will be slow longer.
The hornet stings you!
You die...

###
#@#
#y#
#.#
...
#.#
#..
#.#
#.#


You could see a hornet.

Vanquished Creatures
  2 ogres (D:4)
  Blork the orc (D:4)
  2 iguanas (D:4)
  Natasha (twice) (D:2)
  2 worker ants (D:4)
  Robin (D:4)
  3 adders
  An ooze (D:1)
  2 worms (D:2)
  2 dart slugs
  3 leopard geckos
  3 orcs
  6 giant cockroaches
  10 goblins
  6 hobgoblins
  3 jackals (D:3)
  A quokka (D:2)
  A ball python (D:4)
  7 bats
  2 frilled lizards
  8 kobolds
  5 rats
73 creatures vanquished.

Notes
Turn   | Place    | Note
-------+----------+-------------------------------------------
     0 | D:1      | Almogavar the Draconian Conjurer began the quest for the
                  | Orb.
     0 | D:1      | Reached XP level 1. HP: 14/14 MP: 3/3
   195 | D:1      | Reached XP level 2. HP: 20/20 MP: 3/5
   220 | D:1      | Learned a level 2 spell: Searing Ray
  1191 | D:2      | Reached XP level 3. HP: 26/26 MP: 0/6
  1895 | D:2      | Noticed Natasha
  1898 | D:2      | Killed Natasha
  1899 | D:2      | Reached skill level 5 in Conjurations
  1899 | D:2      | Reached XP level 4. HP: 33/33 MP: 2/8
  2097 | D:2      | Noticed Natasha
  2105 | D:2      | Killed Natasha
  2659 | D:3      | Found a hide-covered altar of Uskayaw.
  2659 | D:3      | Found a sacrificial altar of Ru.
  2668 | D:3      | Found a basalt altar of Yredelemnul.
  2669 | D:3      | Found an ornate altar of the Wu Jian Council.
  2669 | D:3      | Found a glowing golden altar of the Shining One.
  2671 | D:3      | Found a glowing silver altar of Zin.
  2897 | D:3      | Found a runed translucent door.
  2898 | D:3      | Noticed Exodus22XD's ghost (amateur HOMo)
  2979 | D:3      | Found a runed translucent door.
  3223 | D:3      | Reached XP level 5. HP: 34/38 MP: 4/9
  3668 | D:4      | Found a basalt altar of Yredelemnul.
  3751 | D:4      | Noticed an ogre
  3754 | D:4      | Killed an ogre
  3755 | D:4      | Reached XP level 6. HP: 45/45 MP: 6/11
  3841 | D:4      | Noticed Robin
  3846 | D:4      | Killed Robin
  4204 | D:4      | Noticed Blork the orc
  4213 | D:4      | Killed Blork the orc
  4405 | D:4      | Found Amyfus's Elemental Accessories.
  4479 | D:4      | Reached skill level 6 in Conjurations
  4479 | D:4      | Your scales start taking on a fiery red colour.
  4479 | D:4      | Reached XP level 7. HP: 50/50 MP: 5/13
  4479 | D:4      | Gained mutation: Your flesh is heat resistant. (rF+) [Red
                  | Draconian growth]
  4642 | D:5      | Entered Level 5 of the Dungeon
  4642 | D:5      | Noticed a hornet
  4649 | D:5      | Slain by a hornet

Illustrated notes

Levels and vault maps discovered:
D:1:      dpeg_arrival_tiny_k, layout_loops_cross
D:2:      layout_basic, kennysheep_path_1, roderic_st_hans_cross, uniq_natasha
D:3:      layout_basic, grunt_temple_overflow_open, ebering_ghost_sewer_f
D:4:      layout_gridville, nicolae_elemental_shop, yredelemnul_altar_generic,
          uniq_robin, uniq_blork_the_orc
D:5:      layout_basic, minmay_temple_entry_offerings,
          kennysheep_generic_room_3, uniq_duvessa

Skill      XL: |  1  2  3  4  5  6 |
---------------+-------------------+-----
Dodging        | 2 |  2.1
Stealth        | 2 3 |  3.7
Conjurations   | 5 6 |  6.2
Spellcasting   | 3 4 |  4.3

Action                   |  1- 3 |  4- 6 |  7- 9 || total
-------------------------+-------+-------+-------++-------
 Cast: Magic Dart        |    54 |    60 |     2 ||   116
       Searing Ray       |     4 |    15 |     1 ||    20
  Use: Scroll            |     1 |     8 |     2 ||    11
       Potion            |       |     3 |       ||     3
Armor: Skin              |       |     2 |       ||     2
Dodge: Dodged            |     3 |     3 |     1 ||     7
